 Dungeon Crawl Stone Soup version 0.32-a0-699-g1ee5eff69a (webtiles) character file.

Game seed: 14192905289733583568

1739526 Bigboy123 the Conqueror (level 27, 264/264 (273) HPs)
             Began as a Minotaur Berserker on Mar 13, 2024.
             Was an Elder of Trog.
             Escaped with the Orb
             ... and 3 runes!
             The game lasted 03:21:53 (65415 turns).

Bigboy123 the Conqueror (Minotaur Berserker)       Turns: 65415, Time: 03:21:53

HP:   264/264 (273) AC: 42    Str: 45    XL:     27
MP:   22/22         EV: 23    Int:  7    God:    Trog [****..]
Gold: 6361          SH: 40    Dex: 28    Spells: 26/26 levels left

rFire   + . .        N - +9 broad axe (flame)
rCold   + . .        X - +8 tower shield
rNeg    + . .        v - +5 shadow dragon scales of the Oni {rPois rC+ Str+3 Int+2 Stlth++++}
rPois   +            (helmet restricted)
rElec   +            z - +1 cloak {rCorr}
rCorr   +            F - +2 pair of gloves {Dex+3}
SInv    .            s - +2 pair of boots {Stlth+}
Will    ++...        U - amulet of Sejojo Mohy {Reflect Dex+3 SH+5}
Stlth   ++++         R - ring "Faock" {rPois rF+ rN+ Str+6 Int+2}
HPRegen 0.64/turn    V - ring "Ashyj" {^Drain rElec Str+5 Dex+6 Stlth+}
MPRegen 0.18/turn

%: reflection
@: lightly drained
A: horns 2, retaliatory headbutt, iridescent scales 1, clumsy 1, mutation
resistance 1, strong 1, persistent drain
0: Orb of Zot
}: 3/15 runes: decaying, silver, gossamer
a: Renounce Religion, Berserk, Trog's Hand, Brothers in Arms


You escaped.
You worshipped Trog.
Trog was greatly pleased with you.
You visited 10 branches of the dungeon, and saw 49 of its levels.
You visited the Abyss 1 time.
You visited 1 bazaar.
You also visited: Sewer, Bailey, Gauntlet and Wizlab.

You collected 7553 gold pieces.
You spent 1192 gold pieces at shops.

Inventory:

Hand Weapons
 h - a +6 sacred scourge of holy wrath
 D - the +9 sword of Zonguldrok {reap}
   (You took it off an antique champion in a wizard's laboratory)
 N - a +9 broad axe of flaming (weapon)
Armour
 s - a +2 pair of boots of stealth (worn)
 v - the +5 shadow dragon scales of the Oni (worn) {rPois rC+ Str+3 Int+2 Stlth++++}
   (You found it in a wizard's laboratory)

   Str+3:     It affects your strength (+3).
   Int+2:     It affects your intelligence (+2).
   rC+:       It protects you from cold.
   rPois:     It protects you from poison.
   Stlth++++: It makes you much more stealthy.
 x - +2 shadow dragon scales
 z - a +1 cloak of preservation (worn)
 F - a +2 pair of gloves of dexterity (worn)
 P - a +2 hat of stealth
 S - the +2 hat of the Bear Spirit {Spirit, Bear, *Rage Will++}
   (You found it in a Gauntlet)

   Bear:      Going berserk makes the wearer exceptionally tough, and they are
   slowed for a shorter time afterward.
   Will++:    It greatly increases your willpower.
   *Rage:     It berserks you when you make melee attacks (+20% chance).
 W - a +2 plate armour of willpower
 X - a +8 tower shield (worn)
Jewellery
 b - a +5 ring of evasion
 f - a ring of fire
 m - a ring of see invisible
 o - a +4 ring of protection
 p - a ring of flight
 A - the ring of Shadows {Umbra +Inv Stlth+}
   (You found it on level 5 of the Vaults)

   [ring of stealth]

   Umbra:     It surrounds you with an aura of shadow, increasing your stealth
   and reducing the accuracy of all others within it.
   +Inv:      It lets you turn invisible.
   Stlth+:    It makes you more stealthy.
 C - an amulet of magic regeneration
 L - a ring of willpower
 M - a ring of poison resistance
 R - the ring "Faock" (left hand) {rPois rF+ rN+ Str+6 Int+2}
   (You found it in a Gauntlet)

   [ring of strength]

   Str+6:     It affects your strength (+6).
   Int+2:     It affects your intelligence (+2).
   rF+:       It protects you from fire.
   rPois:     It protects you from poison.
   rN+:       It protects you from negative energy.
 U - the amulet of Sejojo Mohy (around neck) {Reflect Dex+3 SH+5}
   (You bought it in a shop on level 2 of the Orcish Mines)

   [amulet of reflection]

   Reflect:   It reflects blocked missile attacks.
   Dex+3:     It affects your dexterity (+3).
   SH+5:      It affects your SH (+5).
 V - the ring "Ashyj" (right hand) {^Drain rElec Str+5 Dex+6 Stlth+}
   (You took it off a vault guard on level 4 of the Vaults)

   [ring of dexterity]

   Str+5:     It affects your strength (+5).
   Dex+6:     It affects your dexterity (+6).
   rElec:     It insulates you from electricity.
   ^Drain:    It drains your maximum health when unequipped.
   Stlth+:    It makes you more stealthy.
Wands
 a - a wand of quicksilver (17)
 d - a wand of flame (27)
 r - a wand of charming (28)
 G - a wand of iceblast (62)
 J - a wand of digging (13)
Scrolls
 j - 7 scrolls of teleportation
 l - a scroll of silence
 n - 3 scrolls of immolation
 u - 30 scrolls of identify
 y - 8 scrolls of revelation
 B - a scroll of butterflies
 H - 5 scrolls of brand weapon
 I - 15 scrolls of fog
 K - 2 scrolls of blinking
 T - 8 scrolls of fear
Potions
 c - 2 potions of mutation
 e - 5 potions of enlightenment
 g - 20 potions of curing
 k - a potion of invisibility
 t - 3 potions of heal wounds
 w - 5 potions of resistance
 O - 5 potions of lignification
 Q - 8 potions of cancellation
Miscellaneous
 i - a lightning rod (4/4)
 q - a phantom mirror
 E - a box of beasts
 Z - a condenser vane


   Skills:
 O Level 27 Fighting
 O Level 27 Axes
 - Level 26.3 Armour
 - Level 14.3 Dodging
 + Level 18.7 Stealth
 - Level 24.9 Shields
 - Level 12.7 Evocations


You had 26 spell levels left.
You didn't know any spells.
Your spell library was empty.

Dungeon Overview and Level Annotations

Branches:
Dungeon (15/15)            Temple (0/1) D:7            Lair (5/5) D:11
  Swamp (4/4) Lair:2       Spider (4/4) Lair:2        Slime (0/5) Lair:5
    Orc (2/2) D:10            Elf (2/3) Orc:2        Vaults (5/5) D:13
  Crypt (3/3) Vaults:2       Tomb (0/3) Crypt:3      Depths (4/4) D:15
    Zot (5/5) Depths:4      Sewer (visited)          Bailey (visited)
 WizLab (visited)         Gauntlet (visited)

Altars:
Ashenzari
Dithmenos
Elyvilon
Fedhas
Hepliaklqana
Kikubaaqudgha
Nemelex Xobeh
Okawaru
Ru
Sif Muna
Trog
Uskayaw
Vehumet
Xom
Lugonu

Shops:
D:5 [   Orc:2 [(:*=   Elf:1 *   Elf:2 *   Vaults:2 :   Vaults:4 (   Vaults:5 (
Depths:1 *   Depths:3 *

Portals:
Hell: Depths:1 Depths:2 Depths:3 Depths:4
Abyss: Depths:2 Depths:3
Pandemonium: Depths:1 Depths:2 Depths:3
Ziggurat: Depths:4
Trove: D:11 (give 17 potions of curing)

Annotations:
D:12 8 runed translucent doors
Lair:5 1 runed translucent door
Depths:4 !


Innate Abilities, Weirdness & Mutations

You have a pair of horns on your head.
You reflexively headbutt those who attack you in melee.
You are partially covered in iridescent scales. (AC +2)
You are clumsy. (Dex -2)
You are somewhat resistant to further mutation.
Your muscles are strong. (Str +4, Int/Dex -1)
Your health recovers twice as slowly from being drained.


Message History

The ice devil is heavily wounded.
You block the ice devil's attack.
You hit the ice devil. You burn the ice devil. You headbutt the ice devil!
The ice devil is severely wounded.
You block the ice devil's attack. You block the ice devil's attack.
You hit the ice devil. You burn the ice devil.
You headbutt the ice devil, but do no damage.
The ice devil is almost dead.
You carve the ice devil like a ham!!! You burn the ice devil.
You kill the ice devil!
Trog accepts your kill.
No target in view!
There is an escape hatch in the ceiling here.
A mysterious force pulls you upwards. The hatch slams shut behind you.
You open the door.
There is an open door here.
There is a stone staircase leading down here.
There is an open door here.
You open the door.
There is an open door here.
A sun demon comes into view.
You slice the sun demon!! You headbutt the sun demon!
The sun demon is severely wounded.
You slash the sun demon!
The sun demon is almost dead.
You block the sun demon's attack.
You slash the sun demon!
You kill the sun demon!
Trog accepts your kill.
You have reached level 27, the final one!
Your experience leads to an increase in your attributes!
Your base attributes are Str 27, Int 4, Dex 17.
Increase (S)trength, (I)ntelligence, or (D)exterity?
You feel agile. x2
You see here a frilled lizard skeleton.
There is an open door here.
There is a staircase leading out of the dungeon here.
You can't go down here!
You have escaped!

#### ###.@#
####...##
#####.....##
######........##
.............##
...........###
........####
.....#### .#####


There were no monsters in sight!

Vanquished Creatures
  3 dread liches
  4 ancient liches
  7 orbs of fire
  A juggernaut (Depths:3)
  2 antique champions (WizLab)
  7 Killer Klowns (Zot:5)
  Bai Suzhen (Crypt:1)
  A curse toe (Zot:3)
  13 golden dragons
  A pandemonium lord (D:7)
  Nikola (Spider:2)
  The ghost of Wuemn the Axe Maniac, an adept MiFi of Makhleb (Vaults:4)
  A bone dragon (Abyss:2)
  3 electric golems
  A hellephant (Abyss:2)
  8 liches
  28 Orb Guardians
  A shard shrike skeleton (Crypt:3)
  13 tentacled monstrosities
  5 quicksilver dragons
  A deep elf blademaster (Elf:2)
  4 titans
  7 sphinxes
  2 Executioners
  11 acid blobs (Zot:4)
  11 death cobs
  2 ancient champions
  13 shadow dragons
  Agnes (Elf:1)
  8 tengu reavers
  12 storm dragons
  Donald (Elf:1)
  A daeva (Abyss:2)
  10 fire giants
  A revenant (Crypt:2)
  11 protean progenitors
  7 draconian knights
  8 draconian monks
  4 deep elf sorcerers
  8 draconian shifters
  3 emperor scorpions
  2 caustic shrike zombies (Crypt:3)
  An iron dragon (Depths:3)
  3 draconian scorchers
  Louise (Elf:1)
  9 frost giants
  A juggernaut zombie (Crypt:1)
  An angel (Vaults:1)
  4 ghost moths
  6 vault wardens
  3 curse skulls
  2 orc warlords
  7 draconian annihilators
  6 reapers
  10 ghouls
  A caustic shrike skeleton (Crypt:3)
  2 juggernaut skeletons
  5 broodmothers
  28 stone giants
  16 ironbound preservers
  6 draconian stormcallers
  3 ironbound thunderhulks
  4 vampire knights
  7 very ugly things
  3 formless jellyfish
  8 green draconians
  2 eleionomae
  A lorocyproca (Depths:3)
  3 deep elf death magi
  2 deep elf demonologists (Vaults:5)
  19 yellow draconians
  18 black draconians
  A minotaur (Gauntlet)
  13 red draconians
  4 dire elephants (Vaults:4)
  2 war gargoyles
  7 white draconians
  6 bunyips
  11 purple draconians
  8 eidola
  10 spark wasps
  11 jiangshi
  19 ettins
  A mummy priest (Crypt:3)
  3 deep elf high priests
  7 entropy weavers
  13 fire dragons
  Fannar (D:10)
  11 yaktaur captains
  13 hydras
  40 vault guards
  3 spriggan air magi
  10 ice dragons
  4 rakshasas
  7 great orbs of eyes
  A ghost crab (Swamp:4)
  A sphinx zombie (Depths:1)
  5 jorogumos
  3 alligators
  A juggernaut simulacrum (WizLab)
  An ogre mage (D:15)
  3 catoblepae
  3 radroaches
  A fenstrider witch skeleton (Crypt:3)
  8 ironbound frosthearts
  20 dancing weapons
  14 centaur warriors
  4 death knights
  6 tengu warriors
  8 boulder beetles
  8 two-headed ogres
  7 deep troll shamans
  7 vampire magi
  A death yak (Lair:2)
  2 hell hogs (Zot:4)
  3 occultists
  2 thrashing horrors (Gauntlet)
  11 deep troll earth magi
  9 spriggan berserkers
  3 orc high priests
  A demonic crawler (Spider:1)
  A sun demon (D:1)
  Amaemon (Lair:1)
  A titan skeleton (Crypt:1)
  A wretched star (Abyss:2)
  19 hell knights
  15 deep elf knights
  The ghost of Nilihum the Gusty, a novice DrAE of Vehumet (D:8)
  A storm dragon skeleton (WizLab)
  4 soul eaters
  7 iron trolls
  3 salamander mystics (Depths:4)
  A fire crab (Gauntlet)
  2 shadow wraiths (Crypt:2)
  2 skysharks (Lair:2)
  61 deep trolls
  7 pharaoh ants
  4 goliath frogs
  An anaconda zombie (Crypt:3)
  A sun moth (Spider:4)
  5 spriggan druids
  12 skeletal warriors
  A deep troll (shapeshifter) (Depths:3)
  10 bog bodies
  6 glowing orange brains
  8 flayed ghosts
  A spectral alligator (Swamp:4)
  18 phantasmal warriors
  10 swamp dragons
  4 arcanists
  A death drake (Depths:2)
  6 deep elf archers
  11 ironbound convokers
  9 orb spiders
  4 spectral hydras (Swamp:4)
  A shadow dragon zombie (Depths:1)
  2 alligator zombies (Swamp:4)
  6 steelbarb worms
  16 lindwurms
  Pikel (D:6)
  24 necromancers
  2 thermic dynamos
  17 wolf spiders
  29 deep elf pyromancers
  35 deep elf zephyrmancers
  A human zombie (Vaults:3)
  10 orc knights
  2 stone giant zombies
  A sphinx simulacrum (Vaults:2)
  A will-o-the-wisp (Swamp:2)
  2 orc sorcerers
  39 ugly things
  2 oklob plants (Zot:4)
  23 moths of wrath
  6 cyclopes
  A worldbinder (Abyss:2)
  7 salamanders (Depths:4)
  4 manticores
  3 meliai (Zot:4)
  An eye of devastation (shapeshifter) (Vaults:5)
  18 vault sentinels
  9 black mambas
  8 elephants (Lair:3)
  An iron dragon skeleton (Crypt:2)
  A rust devil (Abyss:2)
  2 stone giant skeletons
  4 centaur zombies (Crypt:3)
  2 dire elephant zombies
  An apocalypse crab (Abyss:2)
  An alligator snapping turtle zombie (Crypt:3)
  A naga zombie (Crypt:3)
  2 smoke demons (Abyss:2)
  Maggie (D:10)
  11 torpor snails
  A storm dragon simulacrum (WizLab)
  3 dire elephant skeletons
  2 large abominations
  3 gargoyles (D:12)
  14 cane toads
  8 unseen horrors
  An orange demon (Lair:1)
  22 yaktaurs
  3 tengu conjurers
  3 freezing wraiths
  12 komodo dragons
  2 kobold demonologists
  4 swamp worm zombies (Swamp:4)
  2 tormentors
  16 rime drakes
  2 ice devils
  An ancient zyme (Abyss:2)
  A guardian mummy (Crypt:3)
  5 harpy zombies
  5 hydra zombies (Swamp:4)
  2 red devils (D:7)
  13 hellwings (Crypt:3)
  A bloated husk (Swamp:1)
  A polar bear (shapeshifter) (Vaults:5)
  2 polar bears
  9 trolls
  11 tyrant leeches
  A raiju (shapeshifter) (Elf:1)
  27 tarantellas
  8 hornets
  A jumping spider zombie (Crypt:2)
  A hydra skeleton (Crypt:3)
  8 blink frogs
  4 raiju (Abyss:2)
  2 stone giant simulacra
  18 dream sheep
  An ice dragon zombie (Crypt:3)
  2 ettin zombies
  A satyr zombie (Crypt:2)
  7 spriggan zombies
  A glass eye (Depths:3)
  2 air elementals
  A harpy skeleton (Crypt:3)
  31 jumping spiders
  An ushabti (Crypt:3)
  23 slime creatures
  4 vampires
  2 ettin skeletons
  24 culicivoras
  5 spriggans
  A jumping spider (shapeshifter) (D:12)
  A shadow (D:10)
  18 wraiths
  4 wyverns
  63 yaks
  11 basilisks
  A black mamba skeleton (Crypt:3)
  An elf simulacrum (Vaults:2)
  2 fire bats (Gauntlet)
  2 water elementals
  A warg (Orc:2)
  3 fire elementals
  3 tyrant leech zombies (Swamp:4)
  A neqoxec (Abyss:2)
  3 humans (Bailey)
  9 steam dragons
  60 redbacks
  15 swamp worms
  A harpy simulacrum (Crypt:2)
  A two-headed ogre zombie (Crypt:3)
  26 vampire mosquitoes
  2 elf skeletons (Vaults:3)
  A deep troll zombie (WizLab)
  3 small abominations (Gauntlet)
  9 acid dragons
  30 water moccasins
  9 swamp drakes
  A deep troll skeleton (WizLab)
  An ice beast (D:6)
  19 orc warriors
  A snapping turtle zombie (Crypt:2)
  27 laughing skulls
  5 black bears
  2 crocodiles (Sewer)
  3 swamp dragon zombies
  5 boggarts
  30 wolves
  12 ogres
  A swamp dragon skeleton (WizLab)
  4 lemures (D:6)
  4 centaurs
  A kobold brigand (D:13)
  3 phantoms (Swamp:4)
  2 gnoll sergeants
  27 bullfrogs
  A scorpion (D:6)
  A deep troll simulacrum (WizLab)
  An earth elemental (Elf:2)
  7 wyvern skeletons (Crypt:3)
  A two-headed ogre simulacrum (WizLab)
  5 wights (D:8)
  2 killer bees
  4 spriggan skeletons
  An electric eel (Lair:3)
  9 howler monkeys
  A lava snake (D:9)
  A crimson imp (D:7)
  3 hounds
  19 jellies
  29 orc priests
  A cyclops simulacrum (WizLab)
  An iron imp (Abyss:2)
  3 sleepcaps
  8 iguanas
  37 orc wizards
  A sickly merfolk siren (Sewer)
  A malarious merfolk avatar (Sewer)
  An ogre zombie (Crypt:1)
  A mummy (Crypt:3)
  16 adders
  10 gnolls
  10 river rats
  A shadow imp (D:7)
  4 white imps
  2 ufetubi (D:6)
  An adder zombie (Crypt:1)
  An adder skeleton (Crypt:1)
  A lava snake skeleton (Crypt:2)
  A dart slug (D:5)
  A ribbon worm (D:3)
  98 orcs
  A bat skeleton (Crypt:1)
  6 endoplasms
  4 giant cockroaches
  11 goblins
  5 hobgoblins
  2 jackals (D:2)
  10 quokkas
  6 ball pythons
  6 bats
  6 frilled lizards
  12 kobolds
  A quokka skeleton (Crypt:1)
  37 rats
  A river rat skeleton (Crypt:2)
  2 aspiring fleshes
  3 spectral weapons (Zot:5)
2438 creatures vanquished.

Vanquished Creatures (collateral kills)
  A dread lich (Zot:5)
  Mara (Swamp:4)
  A golden dragon (Zot:5)
  A bone dragon (Swamp:4)
  A tentacled monstrosity (Swamp:3)
  An Orb Guardian (Zot:5)
  Frances (Spider:2)
  An emperor scorpion (Spider:4)
  A ghost moth (Spider:4)
  A draconian shifter (Zot:5)
  An orc warlord (Elf:2)
  A black draconian (Zot:5)
  A green draconian (Zot:5)
  A white draconian (Zot:5)
  A yellow draconian (Zot:5)
  A bunyip (Swamp:4)
  A spark wasp (Spider:4)
  4 entropy weavers
  An alligator (Swamp:4)
  3 vault guards
  2 death scarabs (Gauntlet)
  A deep troll shaman (Depths:4)
  3 orc high priests (Orc:2)
  2 demonic crawlers
  A deep elf knight (Elf:1)
  A spectral death yak (Gauntlet)
  A pharaoh ant (Spider:1)
  A deep troll (Depths:4)
  A spectral hydra (Swamp:4)
  3 orb spiders
  An orc knight (Vaults:1)
  An ironbound convoker (Vaults:1)
  2 steelbarb worms
  An orc sorcerer (Orc:2)
  3 wolf spiders (Spider:2)
  An ugly thing (Depths:2)
  2 torpor snails
  2 vault sentinels (Vaults:1)
  7 tarantellas
  4 hornets (Swamp:4)
  A tyrant leech (Swamp:4)
  A spectral dream sheep (Gauntlet)
  Prince Ribbit (Bailey)
  A spectral swamp dragon (Swamp:4)
  3 jumping spiders
  3 culicivoras
  3 spriggans (Swamp:4)
  14 redbacks
  A water moccasin (D:8)
  A swamp drake (Swamp:4)
  A spectral torpor snail (Gauntlet)
  5 orc warriors (Orc:2)
  7 orc priests (Orc:2)
  5 orc wizards (Orc:2)
112 creatures vanquished.

Vanquished Creatures (others)
  A boulder beetle (Spider:1)
  A deep elf knight (Elf:2)
  An orb spider (Spider:2)
  A bog body (Crypt:2)
  A phantasmal warrior (Swamp:4)
  6 bloated husks
  A raiju (Abyss:2)
  A yak (Lair:4)
  2 phantoms (Swamp:4)
  2 foxfires (Swamp:2)
17 creatures vanquished.

Grand Total: 2567 creatures vanquished

Notes
Turn   | Place    | Note
-------+----------+-------------------------------------------
     0 | D:1      | Bigboy123 the Minotaur Berserker began the quest for the
                  | Orb.
     0 | D:1      | Reached XP level 1. HP: 19/19 MP: 0/0
   296 | D:1      | Reached XP level 2. HP: 25/26 MP: 1/1
   899 | D:2      | Reached skill level 5 in Axes
  1022 | D:2      | Reached XP level 3. HP: 30/31 MP: 2/2
  1533 | D:2      | Reached ** piety under Trog
  1872 | D:3      | Reached XP level 4. HP: 38/39 MP: 3/3
  1956 | D:3      | Found a shadowy altar of Dithmenos.
  2422 | D:3      | Found a hazy altar of Hepliaklqana.
  2874 | D:4      | Noticed a black bear
  2880 | D:4      | Killed a black bear
  2881 | D:4      | Reached XP level 5. HP: 45/45 MP: 4/4
  3457 | D:5      | Entered Level 5 of the Dungeon
  3478 | D:5      | Reached XP level 6. HP: 38/51 MP: 5/5
  3634 | D:5      | Found a blossoming altar of Fedhas.
  3815 | D:5      | Reached XP level 7. HP: 57/57 MP: 6/6
  3875 | D:5      | Reached skill level 10 in Axes
  4254 | D:5      | Found Liqatz's Armour Shoppe.
  4635 | D:5      | Gained mutation: You have sharp toenails. [potion of
                  | mutation]
  4635 | D:5      | Gained mutation: You are resistant to electric shocks.
                  | (rElec) [potion of mutation]
  4635 | D:5      | Gained mutation: Your spells are a little harder to cast,
                  | but a little more powerful. [potion of mutation]
  4641 | D:6      | Reached *** piety under Trog
  4673 | D:6      | Found a glowing drain.
  4685 | Sewer    | Entered a sewer
  4984 | Sewer    | Reached XP level 8. HP: 64/64 MP: 7/7
  5334 | D:6      | Noticed Pikel
  5352 | D:6      | Killed Pikel
  5462 | D:6      | Found a shimmering altar of Xom.
  5468 | D:6      | Reached XP level 9. HP: 70/70 MP: 8/8
  5531 | D:6      | Found a sacrificial altar of Ru.
  5741 | D:6      | Reached **** piety under Trog
  5784 | D:6      | Noticed a two-headed ogre
  5804 | D:6      | Killed a two-headed ogre
  5805 | D:6      | Reached skill level 15 in Axes
  6192 | D:7      | Found a sparkling altar of Nemelex Xobeh.
  6279 | D:7      | Reached XP level 10. HP: 77/77 MP: 9/9
  6302 | D:7      | Found a staircase to the Ecumenical Temple.
  6984 | D:8      | Found an iron altar of Okawaru.
  7028 | D:8      | Found a runed translucent door.
  7028 | D:8      | Noticed Nilihum's ghost (novice DrAE)
  7194 | D:8      | Noticed a two-headed ogre
  7208 | D:8      | Reached ***** piety under Trog
  7227 | D:8      | Found a flagged portal.
  7247 | Bailey   | Entered a bailey
  7402 | Bailey   | Noticed Prince Ribbit
  7402 | Bailey   | Noticed a vault guard
  7406 | Bailey   | Killed Prince Ribbit
  7410 | Bailey   | Killed a vault guard
  7446 | Bailey   | Noticed a vault guard
  7462 | Bailey   | Killed a vault guard
  7463 | Bailey   | Reached XP level 11. HP: 66/82 MP: 10/10
  7625 | D:8      | Killed a two-headed ogre
  7696 | D:8      | Noticed a green ugly thing
  7702 | D:8      | Killed a green ugly thing
  7757 | D:8      | Identified the +8 glaive of Zuiw {pain, rC+}
  7897 | D:8      | Paralysed by a hornet for 2 turns
  8028 | D:8      | Found a shimmering blue altar of Sif Muna.
  8260 | D:8      | Killed Nilihum's ghost
  8261 | D:8      | Reached skill level 5 in Fighting
  8493 | D:9      | Identified the +6 long sword of Fediyj {flame, Fly rPois
                  | rC+}
  8528 | D:9      | Reached skill level 5 in Armour
  8926 | D:9      | Found a hide-covered altar of Uskayaw.
  9184 | D:10     | Entered Level 10 of the Dungeon
  9295 | D:10     | Noticed a tengu warrior
  9309 | D:10     | Killed a tengu warrior
  9323 | D:10     | Found the +18 Lear's hauberk
  9410 | D:10     | Found a staircase to the Orcish Mines.
  9418 | D:10     | Noticed Maggie
  9427 | D:10     | Killed Maggie
  9528 | D:10     | Noticed Fannar
  9538 | D:10     | Killed Fannar
  9666 | D:10     | Noticed a two-headed ogre
  9671 | D:10     | Killed a two-headed ogre
 10498 | D:11     | Found a gate leading to a gauntlet.
 10507 | Gauntlet | Entered a Gauntlet
 10507 | Gauntlet | Found a transporter.
 10518 | Gauntlet | Found a transporter.
 10520 | Gauntlet | Found a transporter.
 10528 | Gauntlet | Found a transporter.
 10530 | Gauntlet | Noticed a fire crab
 10532 | Gauntlet | Found a transporter.
 10532 | Gauntlet | Found the +7 hand cannon "Mule" {flame, backblast, rF+}
 10536 | Gauntlet | Noticed a glowing orange brain
 10537 | Gauntlet | Noticed a white ugly thing
 10537 | Gauntlet | Noticed a green ugly thing
 10537 | Gauntlet | Noticed a glowing orange brain
 10540 | Gauntlet | Found a transporter.
 10544 | Gauntlet | Found a transporter.
 10548 | Gauntlet | Noticed a thrashing horror
 10550 | Gauntlet | Noticed a thrashing horror
 10553 | Gauntlet | Found a transporter.
 10556 | Gauntlet | Found a transporter.
 10558 | Gauntlet | Noticed a death scarab
 10560 | Gauntlet | Noticed a death scarab
 10564 | Gauntlet | Found a transporter.
 10691 | Gauntlet | Found a transporter.
 10703 | Gauntlet | Found a transporter.
 10715 | Gauntlet | Found a transporter.
 10729 | Gauntlet | Found a transporter.
 10733 | Gauntlet | Found a runed translucent door.
 10879 | Gauntlet | Reached XP level 12. HP: 103/103 MP: 11/11
 11075 | Gauntlet | Reached skill level 10 in Fighting
 11130 | Gauntlet | Reached skill level 10 in Armour
 11184 | Gauntlet | Identified the +0 helmet of the Pit {Str+3 Dex+3}
 11198 | Gauntlet | Killed a death scarab
 11198 | Gauntlet | Killed a death scarab
 11263 | Gauntlet | Identified the ring "Faock" {rPois rF+ rN+ Str+6 Int+2}
 11286 | Gauntlet | Identified the +10 rapier of Jypseas {drain, rC+ rCorr}
 11286 | Gauntlet | Noticed a minotaur
 11288 | Gauntlet | Found the +2 hat of the Bear Spirit {Spirit, Bear, *Rage
                  | Will++}
 11292 | Gauntlet | Killed a minotaur
 11298 | Gauntlet | Identified the staff of Wiqeadd {rPois rF++ Will+ Alchemy}
 11298 | Gauntlet | Identified the ring "Dokho" {Ice Str+3}
 11602 | D:11     | Found a staircase to the Lair.
 12101 | D:11     | Noticed a vault guard
 12115 | D:11     | Killed a vault guard
 12266 | D:11     | Found a portal to a secret trove of treasure.
 12654 | D:12     | Reached XP level 13. HP: 119/119 MP: 10/12
 12707 | D:12     | You fall into a shaft and drop 2 floors!
 12791 | D:13     | Found a gate to the Vaults.
 13300 | D:12     | Found a large runed translucent door.
 13302 | D:12     | Noticed a tengu reaver
 13303 | D:12     | Found a large runed translucent door.
 13304 | D:12     | Found a large runed translucent door.
 13305 | D:12     | Found a large runed translucent door.
 13463 | D:12     | Found a large runed translucent door.
 13466 | D:12     | Found a large runed translucent door.
 13467 | D:12     | Found a large runed translucent door.
 13468 | D:12     | Found a large runed translucent door.
 13802 | D:12     | Noticed a tengu reaver
 13810 | D:12     | Killed a tengu reaver
 13881 | D:12     | Reached skill level 15 in Fighting
 13967 | Lair:1   | Entered Level 1 of the Lair of Beasts
 14038 | Lair:1   | Noticed Amaemon
 14051 | Lair:1   | Killed Amaemon
 14093 | Lair:1   | Reached skill level 15 in Armour
 14323 | Lair:1   | Reached XP level 14. HP: 135/135 MP: 13/13
 14386 | Lair:1   | Found the +8 whip "Snakebite" {venom, curare, rPois}
 14999 | Lair:2   | Received a gift from Trog
 15019 | Lair:2   | Identified the +7 chain mail of the Ninety-Nine Stars
                  | {rPois rC+}
 15361 | Lair:2   | Found a hole to the Spider Nest.
 15527 | Lair:2   | Found a staircase to the Swamp.
 15532 | Lair:2   | Reached skill level 1 in Evocations
 15679 | Lair:2   | Found a runed translucent door.
 16282 | Lair:3   | You fall into a shaft and drop 2 floors!
 16282 | Lair:5   | Entered Level 5 of the Lair of Beasts
 16454 | Lair:4   | Reached skill level 5 in Dodging
 16981 | Lair:3   | Received a gift from Trog
 17351 | Lair:4   | Reached XP level 15. HP: 126/146 MP: 14/14
 17985 | Lair:5   | Reached ****** piety under Trog
 18050 | Lair:5   | Found a runed translucent door.
 18055 | Lair:5   | Found a staircase to the Slime Pits.
 18055 | Lair:5   | Noticed an azure jelly
 18055 | Lair:5   | Noticed an azure jelly
 18074 | Lair:5   | Reached skill level 5 in Evocations
 18098 | Lair:5   | Identified the +1 ring mail of the Sun {rC+ rN+++ Regen+
                  | Slay-5}
 18225 | Lair:5   | Received a gift from Trog
 19507 | Orc:1    | Entered Level 1 of the Orcish Mines
 19672 | Orc:2    | Entered Level 2 of the Orcish Mines
 19717 | Orc:2    | Found Pailian's Book Shoppe.
 19717 | Orc:2    | Found Limnul's Assorted Antiques.
 19717 | Orc:2    | Found Agadgh's Weapon Emporium.
 19721 | Orc:2    | Received a gift from Trog
 19863 | Orc:2    | Found Isoecoha's Armour Emporium.
 19885 | Orc:2    | Found Foegra's Jewellery Shop.
 19916 | Orc:2    | Bought the amulet of Sejojo Mohy {Reflect Dex+3 SH+5} for
                  | 736 gold pieces
 19964 | Orc:2    | Found a staircase to the Elven Halls.
 21166 | D:13     | Found a radiant altar of Vehumet.
 21289 | D:13     | Received a gift from Trog
 22318 | D:14     | Reached XP level 16. HP: 157/157 MP: 15/15
 22576 | D:14     | Identified the +1 flail of Summer {freeze, rPois}
 22606 | D:15     | Entered Level 15 of the Dungeon
 22825 | D:15     | Found a staircase to the Depths.
 22975 | D:15     | Identified the +1 robe of Syjit {Will++ Str+4 Dex+3}
 23195 | D:15     | Found a shimmering altar of Xom.
 23196 | D:15     | Found a shimmering altar of Xom.
 24004 | Spider:1 | Entered Level 1 of the Spider Nest
 24054 | Spider:1 | Reached skill level 10 in Dodging
 24677 | Spider:2 | Received a gift from Trog
 24935 | Spider:2 | Noticed Frances
 24950 | Spider:2 | Killed Frances
 25490 | Spider:2 | Reached XP level 17. HP: 148/168 MP: 16/16
 25563 | Spider:2 | Noticed Nikola
 25574 | Spider:2 | Killed Nikola
 25724 | Spider:2 | Identified the +2 great sword "Jihaewop" {freeze, rPois rF+
                  | Str+3 SInv}
 26045 | Spider:3 | Identified the ring "Ogawn" {Fly rN+ MP+9 Dex-4 Stlth+}
 27142 | Spider:4 | Entered Level 4 of the Spider Nest
 27524 | Spider:4 | Reached skill level 10 in Evocations
 27803 | Spider:4 | Paralysed by a jorogumo for 3 turns
 28255 | Spider:4 | Got a gossamer rune of Zot
 28954 | Swamp:1  | Entered Level 1 of the Swamp
 29270 | Swamp:1  | Reached skill level 1 in Stealth
 29465 | Swamp:1  | Reached XP level 18. HP: 146/180 MP: 17/17
 31048 | Swamp:3  | Noticed a tentacled monstrosity
 31058 | Swamp:3  | Killed a tentacled monstrosity
 31616 | Swamp:4  | Entered Level 4 of the Swamp
 31880 | Swamp:4  | Received a gift from Trog
 32017 | Swamp:4  | Noticed a bone dragon
 32028 | Swamp:4  | Killed a bone dragon
 32278 | Swamp:4  | Noticed Mara
 32296 | Swamp:4  | Killed Mara
 32720 | Swamp:4  | Got a decaying rune of Zot
 33041 | Vaults:1 | Entered Level 1 of the Vaults
 33760 | Vaults:1 | Reached skill level 5 in Stealth
 34400 | Vaults:1 | Found a white marble altar of Elyvilon.
 35004 | Vaults:2 | Reached XP level 19. HP: 159/189 MP: 18/18
 35415 | Vaults:2 | Found a magical portal.
 35424 | WizLab   | Entered Zonguldrok's Shrine
 35622 | WizLab   | Paralysed by a vampire knight for 4 turns
 35704 | WizLab   | Reached skill level 1 in Shields
 35748 | WizLab   | Noticed an antique champion
 35748 | WizLab   | Noticed an antique champion
 35906 | WizLab   | Killed an antique champion
 36290 | WizLab   | Killed an antique champion
 36568 | WizLab   | Identified the +5 shadow dragon scales of the Oni {rPois
                  | rC+ Str+3 Int+2 Stlth++++}
 36660 | Vaults:2 | Found a staircase to the Crypt.
 37214 | Vaults:2 | Reached skill level 5 in Shields
 37441 | Vaults:2 | Found Vexo Tum's Book Boutique.
 38051 | Orc:2    | Bought a +1 pair of boots for 126 gold pieces
 39246 | Vaults:3 | Identified the +2 arbalest of the End of Times {flame,
                  | rPois rF- Int+6}
 39319 | Vaults:3 | Identified the +6 great sword "Acajufih" {speed, rF+ SInv}
 39382 | Vaults:3 | Received a gift from Trog
 39568 | Vaults:3 | Reached skill level 10 in Shields
 40240 | Vaults:4 | Reached XP level 20. HP: 198/198 MP: 19/19
 40436 | Vaults:4 | Received a gift from Trog
 40455 | Vaults:4 | Found a transporter.
 40455 | Vaults:4 | Noticed Wuemn's ghost (adept MiFi)
 40455 | Vaults:4 | Identified the ring "Ashyj" {^Drain rElec Str+5 Dex+6
                  | Stlth+}
 40458 | Vaults:4 | Found a bloodstained altar of Trog.
 40466 | Vaults:4 | Found a transporter.
 40567 | Vaults:4 | Found Jaegi's Antique Weapon Shop.
 40650 | Vaults:4 | Identified the +4 short sword "Weteujiw" {flame, Int+3}
 41518 | Vaults:4 | Killed Wuemn's ghost
 41675 | Vaults:4 | Identified the +7 short sword "Anikh" {venom, Will+ Str+4}
 41679 | Vaults:4 | Identified the +1 helmet of the Cobbler {-Tele Dex+7
                  | Stlth+}
 42043 | Elf:1    | Entered Level 1 of the Elven Halls
 42104 | Elf:1    | Reached skill level 15 in Shields
 42701 | Elf:1    | Found Rienk's General Store.
 42701 | Elf:1    | Noticed Louise
 42701 | Elf:1    | Noticed Agnes
 42730 | Elf:1    | Killed Agnes
 42756 | Elf:1    | Killed Louise
 42796 | Elf:1    | Noticed Donald
 42805 | Abyss:2  | Cast into level 2 of the Abyss (a deep elf sorcerer)
 42923 | Abyss:2  | Found an ornate altar of the Wu Jian Council.
 43001 | Abyss:2  | Found an ornate altar of the Wu Jian Council.
 43385 | Abyss:2  | Noticed a bone dragon
 43395 | Abyss:2  | Killed a bone dragon
 43512 | Abyss:2  | Received a gift from Trog
 43556 | Elf:1    | Escaped the Abyss
 43561 | Elf:1    | Killed Donald
 44016 | Elf:2    | Paralysed by an air elemental for 1 turns
 44114 | Elf:2    | Found Nuhem's Assorted Antiques.
 44154 | Elf:2    | Received a gift from Trog
 44260 | Elf:2    | Found a huge runed translucent gate.
 44260 | Elf:2    | Found a huge runed translucent gate.
 44260 | Elf:2    | Found a huge runed translucent gate.
 44260 | Elf:2    | Found a huge runed translucent gate.
 44262 | Elf:2    | Found a huge runed translucent gate.
 44485 | Elf:2    | Reached XP level 21. HP: 188/205 MP: 20/20
 45247 | Elf:2    | Identified the blade talisman "Ryq Lail" {Int+3}
 45748 | Vaults:5 | Entered Level 5 of the Vaults
 46118 | Vaults:5 | Identified the +5 war axe of Eternal Vigilance {heavy,
                  | ^Contam Dex+5}
 46135 | Vaults:5 | Found Bihod's Antique Weapon Shoppe.
 46135 | Vaults:5 | Identified the +3 dagger of Anger {elec, rPois Will+}
 46232 | Vaults:5 | Identified the amulet of Duotarot {Spirit Harm rPois Regen+
                  | Dex-3}
 46412 | Vaults:5 | Identified a scroll of acquirement
 46573 | Vaults:5 | Acquired a manual of Armour
 46580 | Vaults:5 | Found the ring of Shadows {Umbra +Inv Stlth+}
 46637 | Vaults:5 | Noticed an ancient lich
 46641 | Vaults:5 | Received a gift from Trog
 46666 | Vaults:5 | Killed an ancient lich
 46816 | Vaults:5 | Identified the +5 rapier of Rubbish {flame, rN+ rCorr Str-2
                  | Dex+3}
 46897 | Vaults:5 | Identified the +5 rapier of Lukh {flame, Str+5}
 46908 | Vaults:5 | Noticed a dread lich
 46924 | Vaults:5 | Killed a dread lich
 47036 | Vaults:5 | Got a silver rune of Zot
 47060 | Vaults:5 | Identified the staff of the Apocalypse {+Blink rPois MP+9
                  | Int-4 Necro Alchemy}
 47100 | Vaults:5 | Reached XP level 22. HP: 186/213 MP: 21/21
 47119 | Vaults:5 | Noticed a golden dragon
 47130 | Vaults:5 | Killed a golden dragon
 47140 | Vaults:5 | Noticed a golden dragon
 47456 | Vaults:5 | Killed a golden dragon
 47472 | Vaults:5 | Identified the staff of the Equinox {rElec rN+ Air}
 47473 | Vaults:5 | Identified the +8 dagger of Ignis, Destroying {heavy, Fly
                  | Will+ Stlth-}
 47478 | Vaults:5 | Noticed an ancient lich
 47488 | Vaults:5 | Killed an ancient lich
 47525 | Vaults:5 | Identified the +11 chain mail "Ymnumor" {rF- rC- rN+++
                  | rCorr}
 48253 | Depths:1 | Entered Level 1 of the Depths
 48483 | Depths:1 | Found a one-way gate leading to the halls of Pandemonium.
 48488 | Depths:1 | Found a gateway to Hell.
 48531 | Depths:1 | Found Salluorch's Elemental Accessories.
 48972 | Depths:1 | Received a gift from Trog
 49187 | Depths:1 | Found a bloodstained altar of Trog.
 49541 | Depths:2 | Found a corrupted altar of Lugonu.
 49542 | Depths:2 | Found a one-way gate to the infinite horrors of the Abyss.
 49681 | Depths:2 | Found a broken altar of Ashenzari.
 49695 | Depths:2 | Identified the +0 plate armour of Hadjma {Will+ Regen+}
 49766 | Depths:2 | Noticed a golden dragon
 49775 | Depths:2 | Killed a golden dragon
 49899 | Depths:2 | Noticed a golden dragon
 49925 | Depths:2 | Killed a golden dragon
 50116 | Depths:2 | Identified the +3 morningstar of the Cursing Lamprey {holy,
                  | rN+ Stlth+}
 50133 | Depths:2 | Identified the +1 arbalest of Dullness {heavy, rPois rC+
                  | Str+5}
 50303 | Depths:2 | Reached XP level 23. HP: 221/221 MP: 22/22
 50810 | Depths:3 | Found a flickering gateway to a bazaar.
 50817 | Bazaar   | Entered a bazaar
 50817 | Bazaar   | Found Uleot's Antique Weapon Shop.
 50817 | Bazaar   | Found Suabikhleqiwo's Distillery.
 50824 | Bazaar   | Bought a potion of resistance for 110 gold pieces
 50824 | Bazaar   | Bought a potion of haste for 110 gold pieces
 50824 | Bazaar   | Bought a potion of enlightenment for 55 gold pieces
 50824 | Bazaar   | Bought a potion of heal wounds for 55 gold pieces
 50848 | Bazaar   | Found Vaprarph's Antique Armour Shop.
 51142 | Depths:3 | Acquired a manual of Stealth
 51264 | Depths:3 | Received a gift from Trog
 51652 | Depths:3 | Noticed a juggernaut
 51669 | Depths:3 | Killed a juggernaut
 51697 | Depths:3 | Identified the +8 mace of the Present {freeze, rElec rN+}
 51698 | Depths:3 | Identified the +7 plate armour of Houpn {rPois Int+4}
 51929 | Depths:3 | Identified the +7 long sword of Broken Luck {freeze, ^Drain
                  | rElec Dex+7}
 51991 | Depths:3 | Found Big Baal Hell's Store.
 52293 | Depths:3 | Received a gift from Trog
 52602 | Depths:4 | Entered Level 4 of the Depths
 52712 | Depths:4 | Reached skill level 10 in Stealth
 52809 | Depths:4 | Found a gate to the Realm of Zot.
 52933 | Depths:4 | Received a gift from Trog
 53059 | Depths:4 | Found a one-way gateway to a ziggurat.
 54052 | Crypt:1  | Entered Level 1 of the Crypt
 54118 | Crypt:1  | Identified the +0 scale mail of the Great Game {Str+2
                  | Dex+2}
 54142 | Crypt:1  | Noticed Bai Suzhen
 54161 | Crypt:1  | Killed Bai Suzhen
 54768 | Crypt:1  | Reached XP level 24. HP: 235/235 MP: 22/22
 54841 | Crypt:1  | Received a gift from Trog
 55689 | Crypt:2  | Identified the +11 mace of the Peculiar Olives {pain,
                  | *Corrode rC+ Str+4}
 55842 | Crypt:2  | Received a gift from Trog
 56099 | Crypt:3  | Entered Level 3 of the Crypt
 56326 | Crypt:3  | Found an ancient bone altar of Kikubaaqudgha.
 56632 | Crypt:3  | Received a gift from Trog
 56902 | Crypt:3  | Found the +8 trishula "Condemnation" {holy, anguish, *Noise
                  | Fly rN+}
 56905 | Crypt:3  | Noticed a dread lich
 56905 | Crypt:3  | Noticed an ancient lich
 56919 | Crypt:3  | Killed an ancient lich
 56929 | Crypt:3  | Killed a dread lich
 56930 | Crypt:3  | Identified the +0 leather armour of Qylola {*Slow rElec
                  | rN+++ Int-4}
 57522 | Crypt:3  | Found a staircase to the Tomb.
 58477 | Zot:1    | Entered Level 1 of the Realm of Zot
 58572 | Zot:1    | Noticed an orb of fire
 58578 | Zot:1    | Gained mutation: Potions are less effective at restoring
                  | your health. [an orb of fire]
 58581 | Zot:1    | Gained mutation: Your body sometimes deteriorates upon
                  | taking damage. [an orb of fire]
 58582 | Zot:1    | Gained mutation: You occasionally lose the ability to read
                  | scrolls when taking damage. [an orb of fire]
 58587 | Zot:1    | Killed an orb of fire
 59395 | Zot:2    | Reached XP level 25. HP: 247/247 MP: 22/22
 59402 | Zot:2    | Identified the +9 war axe of Lust {flame, rN+ Dex+3} (Trog
                  | gifted it to you on level 2 of the Realm of Zot)
 59402 | Zot:2    | Received a gift from Trog
 59888 | Zot:2    | Found a blossoming altar of Fedhas.
 59967 | Zot:2    | You fall into a shaft and drop 1 floor!
 60134 | Zot:3    | Reached skill level 15 in Stealth
 60436 | Zot:3    | Received a gift from Trog
 61763 | Zot:4    | Received a gift from Trog
 62814 | Zot:5    | Entered Level 5 of the Realm of Zot
 62822 | Zot:5    | Reached XP level 26. HP: 255/261 MP: 22/22
 63340 | Zot:5    | Noticed an orb of fire
 63344 | Zot:5    | Noticed a dread lich
 63347 | Zot:5    | Noticed an orb of fire
 63348 | Zot:5    | Noticed an orb of fire
 63350 | Zot:5    | Killed an orb of fire
 63353 | Zot:5    | Noticed an orb of fire
 63358 | Zot:5    | Gained mutation: You sometimes lose your temper in combat.
                  | [an orb of fire]
 63365 | Zot:5    | Gained mutation: You have an uncontrollable temper. [an orb
                  | of fire]
 63366 | Zot:5    | Killed an orb of fire
 63367 | Zot:5    | Reached skill level 27 in Fighting
 63367 | Zot:5    | Killed a dread lich
 63372 | Zot:5    | Killed an orb of fire
 63377 | Zot:5    | Received a gift from Trog
 63379 | Zot:5    | Killed an orb of fire
 63391 | Zot:5    | Noticed an orb of fire
 63393 | Zot:5    | Noticed an orb of fire
 63409 | Zot:5    | Gained mutation: You are clumsy. (Dex -2) [an orb of fire]
 63410 | Zot:5    | Killed an orb of fire
 63415 | Zot:5    | Killed an orb of fire
 63424 | Zot:5    | Noticed a dread lich
 63435 | Zot:5    | Paralysed by a dread lich for 3 turns
 63457 | Zot:5    | Paralysed by something for 4 turns
 63769 | Zot:5    | Killed a dread lich
 64281 | Zot:5    | Lost mutation: Your body sometimes deteriorates upon taking
                  | damage. [potion of mutation]
 64281 | Zot:5    | Lost mutation: You have sharp toenails. [potion of
                  | mutation]
 64281 | Zot:5    | Gained mutation: Your flesh is heat resistant. (rF+)
                  | [potion of mutation]
 64281 | Zot:5    | Gained mutation: Your natural rate of healing is unusually
                  | fast. [potion of mutation]
 64281 | Zot:5    | Gained mutation: Your body sometimes deteriorates upon
                  | taking damage. [potion of mutation]
 64282 | Zot:5    | Lost mutation: You occasionally lose the ability to read
                  | scrolls when taking damage. [potion of mutation]
 64282 | Zot:5    | Lost mutation: Your body sometimes deteriorates upon taking
                  | damage. [potion of mutation]
 64282 | Zot:5    | Lost mutation: Your natural rate of healing is unusually
                  | fast. [potion of mutation]
 64282 | Zot:5    | Lost mutation: Your spells are a little harder to cast, but
                  | a little more powerful. [potion of mutation]
 64282 | Zot:5    | Gained mutation: Your flesh is cold resistant. (rC+)
                  | [potion of mutation]
 64282 | Zot:5    | Gained mutation: Your spells are a little harder to cast,
                  | but a little more powerful. [potion of mutation]
 64283 | Zot:5    | Lost mutation: You have an uncontrollable temper. [potion
                  | of mutation]
 64283 | Zot:5    | Lost mutation: Your spells are a little harder to cast, but
                  | a little more powerful. [potion of mutation]
 64283 | Zot:5    | Lost mutation: You sometimes lose your temper in combat.
                  | [potion of mutation]
 64283 | Zot:5    | Gained mutation: You have a pair of large horns on your
                  | head. [potion of mutation]
 64284 | Zot:5    | Lost mutation: You are resistant to electric shocks.
                  | (rElec) [potion of mutation]
 64284 | Zot:5    | Lost mutation: You have a pair of large horns on your head.
                  | [potion of mutation]
 64284 | Zot:5    | Lost mutation: Your flesh is heat resistant. (rF+) [potion
                  | of mutation]
 64284 | Zot:5    | Gained mutation: You sometimes lose your temper in combat.
                  | [potion of mutation]
 64285 | Zot:5    | Lost mutation: Potions are less effective at restoring your
                  | health. [potion of mutation]
 64285 | Zot:5    | Lost mutation: You are clumsy. (Dex -2) [potion of
                  | mutation]
 64285 | Zot:5    | Gained mutation: You have hidden genetic potential. [potion
                  | of mutation]
 64285 | Zot:5    | Gained mutation: Your health recovers twice as slowly from
                  | being drained. [potion of mutation]
 64285 | Zot:5    | Gained mutation: You have a pair of large horns on your
                  | head. [potion of mutation]
 64286 | Zot:5    | Lost mutation: You have a pair of large horns on your head.
                  | [potion of mutation]
 64286 | Zot:5    | Lost mutation: Your flesh is cold resistant. (rC+) [potion
                  | of mutation]
 64286 | Zot:5    | Lost mutation: You have hidden genetic potential. [potion
                  | of mutation]
 64286 | Zot:5    | Gained mutation: You expend magic power (3 MP) to
                  | strengthen your wands. [potion of mutation]
 64286 | Zot:5    | Gained mutation: You occasionally shout uncontrollably at
                  | your foes. [potion of mutation]
 64286 | Zot:5    | Gained mutation: You are partially covered in iridescent
                  | scales. (AC +2) [potion of mutation]
 64287 | Zot:5    | Lost mutation: You sometimes lose your temper in combat.
                  | [potion of mutation]
 64287 | Zot:5    | Lost mutation: You expend magic power (3 MP) to strengthen
                  | your wands. [potion of mutation]
 64287 | Zot:5    | Lost mutation: You occasionally shout uncontrollably at
                  | your foes. [potion of mutation]
 64287 | Zot:5    | Gained mutation: Your muscles are strong. (Str +4, Int/Dex
                  | -1) [potion of mutation]
 64287 | Zot:5    | Gained mutation: You are clumsy. (Dex -2) [potion of
                  | mutation]
 64287 | Zot:5    | Gained mutation: You are somewhat resistant to further
                  | mutation. [potion of mutation]
 64548 | Zot:5    | Got the Orb of Zot
 64861 | D:15     | Reached skill level 27 in Axes
 65109 | D:7      | Noticed Poasomaw the pandemonium lord
 65109 | D:7      | Noticed an ancient lich
 65115 | D:7      | Killed an ancient lich
 65139 | D:7      | Killed Poasomaw the pandemonium lord
 65188 | D:5      | Noticed Awarefown the pandemonium lord
 65236 | D:4      | Noticed Mehah the pandemonium lord
 65382 | D:1      | Reached XP level 27. HP: 264/264 MP: 22/22
 65415 | D:$      | Escaped with the Orb!

Illustrated notes

Levels and vault maps discovered:
D:1:      eino_arrival_cavern_c, layout_loops_corners
D:2:      layout_basic, kennysheep_crisscross
D:3:      layout_loops_ring, mainiacjoe_overflow_alcove_1, lemuel_crystal_altar
D:4:      layout_basic, nicolae_underground_beach
D:5:      layout_loops_cross, mainiacjoe_overflow_small_starburst, serial_shops,
          shop, amcnicky_mini_pool_medium
D:6:      lemuel_ratsnest, layout_gridville, nicolae_ru_the_path_less_chosen,
          marbit_many_paths, portal_sewer_entry_d, uniq_pikel
D:7:      layout_basic, nemelex_spade_bored_becter,
          minmay_temple_entry_gardened_gates, small_statue_alley_b
D:8:      layout_rooms, lemuel_blue_sif_altar, kennysheep_okawaru_gauntlet,
          hellmonk_ghost_happy_afterlife, enter_bailey_5, minmay_pinched_square
D:9:      layout_rooms, mainiacjoe_overflow_catwalk,
          kennysheep_opposing_triangles
D:10:     layout_irregular_city, hiddenorc2_lemuel, minmay_misc_feat_room,
          hellmonk_guarded_unrand_lears, uniq_fannar, uniq_maggie
D:11:     layout_basic, lair_entry_dummy, enter_trove_5, gauntlet_entry_generic,
          minmay_stone_trees_medium
D:12:     minmay_five_octagons, layout_irregular_city, minivault_24,
          grunt_ministairs_14, minmay_evil_grid
D:13:     layout_stronghold, erik_vaults_2, nicolae_vehumet_altar_sigil
D:14:     layout_loops_cross, nicolae_cairo_tiling_large
D:15:     hangedman_depths_entry_civil_slaughter, layout_long_grid,
          xom_redecorated
Lair:1:   minmay_guarded_unrand_snakebite, layout_cellular_growth, uniq_amaemon
Lair:2:   gammafunk_lair_enchanted_lake, layout_small_grid,
          mainiacjoe_swamp_entry_angry_trees, spider_nest_entry_funnel_web
Lair:3:   layout_concentric_octagons, serial_bayou_shore_a, grunt_megastairs_5
Lair:4:   layout_loops_ring, bobbens_dragon_lair_wall
Lair:5:   guppyfry_lair_end_dragon, layout_cave_shapes, wormcave, slime_entry_2,
          grunt_megastairs_3, lemuel_fruit_tree
Swamp:1:  layout_basic_swamp, hangedman_swamp_cone, st_swamp_mini
Swamp:2:  layout_basic_swamp, nicolae_swamp_bean_lake
Swamp:3:  layout_basic_swamp, nicolae_swamp_round_clearing,
          nicolae_swamp_dense_foliage, swamp_pool_1_2
Swamp:4:  swamp_pestilence, layout_basic_swamp, swamp_pool_5, uniq_mara
Spider:1: layout_spider_delve
Spider:2: layout_spider_delve, hangedman_spider_tarantella_strand, uniq_nikola,
          uniq_frances
Spider:3: layout_spider_delve
Spider:4: hellmonk_spider_rune_endless_swarm, nicolae_spider_not_touching_you
Orc:1:    layout_diamond_mine
Orc:2:    st_orc_mages, layout_caves, serial_shops, shop
Elf:1:    minmay_elf_arrival_circle, layout_geoelf_octagon, serial_shops, shop,
          minmay_elf_sorcery, uniq_donald, uniq_agnes, uniq_louise
Elf:2:    elven_hall_of_blades_hangedman_alternative
          [nicolae_blade_entry_antechamber], layout_geoelf_octagon, special_room
          [special_room_orc], serial_shops, nicolae_shop_just_a_little_nook,
          nicolae_twisting_strands
Vaults:1: hangedman_vaults_stitches, nicolae_vaults_tangram_2,
          nicolae_vaults_tetromino_Z_1, nicolae_vaults_trapezoid_lopsided_4,
          nicolae_vaults_security_offices_2, vaults_dpeg_diagonal,
          vaults_dpeg_encased_lava, nicolae_vaults_back_hallway,
          nicolae_vaults_diagonal_hallway_8, ontoclasm_vaults_ring_square,
          hangedman_vaults_locks, lemuel_angel_altar, ontoclasm_vaults_eye,
          nicolae_vaults_diagonal_hallway_7, layout_vaults_maze
Vaults:2: mu_enter_wizlab_4, minmay_crypt_entry_simple_round,
          ontoclasm_vaults_chip, nicolae_vaults_sightless_eye, v_misc_29,
          v_misc_3, dpeg_vaults_monster_box, v_alt_pattern_5, vaults_dpeg_hooks,
          layout_vaults_omnigrid, serial_shops, nicolae_shop_just_a_little_nook
Vaults:3: nicolae_vaults_storage_closets_3, nicolae_vaults_storage_closets_2,
          ontoclasm_vaults_water_temple, v_misc_18,
          nicolae_vaults_sealed_display, ontoclasm_vaults_shuriken,
          nicolae_vaults_trapezoid_3, nicolae_vaults_little_squares_3,
          nicolae_vaults_yaktaur_gun_rack, nicolae_vaults_tetromino_L_1,
          layout_vaults_chaotic_city
Vaults:4: gammafunk_ghost_wrathful_warriors, nicolae_vaults_little_squares_2,
          nicolae_vaults_closet_pinwheel_1, hangedman_vaults_maws, v_rooms_3,
          vaults_mumra_lcd, nicolae_vaults_diagonal_hallway_9,
          nicolae_vaults_variable_pillar_hall, nicolae_vaults_apartment_1,
          layout_vaults_omnibox, serial_shops, nicolae_shop_tiny_real_fake_doors
Vaults:5
Crypt:1:  layout_rooms, grunt_crypt_arrival_split, grunt_megastairs_4,
          uniq_bai_suzhen
Crypt:2:  layout_misc_corridors, grunt_megastairs_2
Crypt:3:  evilmike_haunted_forest
Depths:1: layout_cave_pools, grunt_metal_band, pan_entry,
          kennysheep_big_empty_room, nicolae_elemental_shop,
          minmay_misc_feat_enclosed, kennysheep_nondescript,
          evilmike_spriggan_trog_shrine
Depths:2: gold_lair_mu, layout_cave_shapes, grunt_pan_entry_in_and_out,
          abyss_entry_flame_altar, hell_entry, nicolae_ashenzari_skybound
Depths:3: kennysheep_snake, layout_gridlike, serial_shops, bzr_entry_lakeside,
          abyss_entry_crystal, nicolae_hell_entry_big_baal_hell,
          rand_demon_pan_entry_4, infiniplex_staircase_pillars_1,
          serial_bayou_shore_b
Depths:4: grunt_zot_entry_bicorn, layout_basic, enter_ziggurat_b,
          minmay_hedge_maze, pf_vacation_house_of_asmodeus
Zot:1:    layout_gridlike
Zot:2:    layout_misc_corridors, basic_altar, nicolae_tricolors
Zot:3:    layout_concentric_octagons
Zot:4:    lemuel_acid_trip, layout_cathedral_of_symmetry,
          hangedman_zot_decor_slant, hangedman_zot_diagonal_lockstep
Zot:5:    layout_cellular_growth

Skill      XL: |  1  2  3  4  5  6  7  8  9 10 11 12 13 14 15 16 17 18 19 20 21 22 23 24 25 26 |
---------------+-------------------------------------------------------------------------------+-----
Axes           | 4 5 6 7 8 9 11 14 17 19 20 21 23 25 27 | 27.0
Fighting       | 8 12 15 16 18 19 20 21 23 24 26 27 | 27.0
Armour         | 8 12 15 16 17 19 20 21 22 26 | 26.3
Evocations     | 4 7 9 10 11 12 | 12.7
Dodging        | 5 8 10 12 14 | 14.3
Stealth        | 1 5 6 11 14 16 18 | 18.7
Shields        | 11 18 22 24 | 24.9

Action                     |  1- 3 |  4- 6 |  7- 9 | 10-12 | 13-15 | 16-18 | 19-21 | 22-24 | 25-27 || total
---------------------------+-------+-------+-------+-------+-------+-------+-------+-------+-------++-------
  Melee: Hand axe          |    71 |    41 |       |       |       |       |       |       |       ||   112
         Headbutt          |     5 |    14 |    34 |   102 |   206 |   310 |   389 |   518 |   275 ||  1853
         War axe           |       |    51 |   246 |   122 |       |       |       |       |       ||   419
         Kick              |       |       |    39 |    23 |   335 |   126 |   102 |       |       ||   625
         Broad axe         |       |       |       |   350 |   967 |  1120 |  1070 |  1547 |   809 ||  5863
         Sacred scourge    |       |       |       |       |       |       |   158 |       |       ||   158
         Double sword      |       |       |       |       |       |       |    27 |       |       ||    27
         Executioner's axe |       |       |       |       |       |       |    12 |       |       ||    12
 Invoke: Berserk           |       |     2 |     4 |       |     1 |       |     2 |       |       ||     9
         Trog's Hand       |       |       |     5 |    11 |     6 |    25 |    26 |    17 |    18 ||   108
         Brothers in Arms  |       |       |       |     5 |     5 |    20 |    10 |     3 |     4 ||    47
  Evoke: Wand              |       |       |       |       |       |       |     1 |       |     2 ||     3
    Use: Scroll            |       |       |    11 |    11 |     1 |     6 |    23 |     6 |     5 ||    63
         Potion            |       |       |     3 |     2 |     1 |     3 |    10 |     7 |    14 ||    40
   Stab: Distracted        |       |       |       |       |     1 |     5 |     9 |    21 |    15 ||    51
         Petrified         |       |       |       |       |     2 |     1 |       |       |       ||     3
         Sleeping          |       |       |       |       |       |       |    21 |    49 |    12 ||    82
         Invisible         |       |       |       |       |       |       |       |       |     2 ||     2
 Armour: Animal skin       |    50 |     9 |       |       |       |       |       |       |       ||    59
         Chain mail        |       |    55 |   166 |   328 |   712 |   961 |   128 |       |       ||  2350
         Plate armour      |       |       |       |    89 |    31 |       |       |       |       ||   120
         Shadow dragon sca |       |       |       |       |       |       |   430 |   280 |   295 ||  1005
  Dodge: Dodged            |    36 |    45 |    80 |   163 |   446 |   923 |   523 |   276 |   202 ||  2694
  Block: Other             |       |       |       |       |    14 |   216 |     5 |       |       ||   235
         Reflection        |       |       |       |       |       |    11 |    60 |    46 |    31 ||   148
         Buckler           |       |       |       |       |       |     4 |    72 |       |       ||    76
         Kite shield       |       |       |       |       |       |       |   452 |       |       ||   452
         Tower shield      |       |       |       |       |       |       |   591 |  1731 |  1048 ||  3370

Table legend: (Time is in decaauts)
 A = Elapsed time spent in this place.
 B = Non-inter-level travel time spent in this place.
 C = Inter-level travel time spent in this place.
 D = Time resting spent in this place.
 E = Time spent auto-exploring this place.
 F = Levels seen in this place.
 G = Mean time per level.
                   A        B        C        D        E       F      G
               +--------+--------+--------+--------+--------+-----+--------+
         Total |  64186 |  57872 |   6314 |   7453 |  37456 |  55 | 1167.0 |
       Dungeon |  16759 |  14810 |   1949 |   1642 |  10463 |  15 | 1117.3 |
          Lair |   5726 |   5055 |    671 |    191 |   3805 |   5 | 1145.2 |
         Swamp |   3811 |   3586 |    225 |    634 |   2360 |   4 |  952.8 |
   Spider Nest |   4779 |   4530 |    249 |    818 |   2916 |   4 | 1194.8 |
  Orcish Mines |   1511 |   1172 |    339 |      0 |    951 |   2 |  755.5 |
   Elven Halls |   2539 |   2422 |    117 |    278 |   1396 |   2 | 1269.5 |
        Vaults |   9777 |   8027 |   1750 |    848 |   5382 |   5 | 1955.4 |
         Crypt |   3948 |   3768 |    180 |    766 |   2104 |   3 | 1316.0 |
        Depths |   5639 |   5280 |    359 |      0 |   3950 |   4 | 1409.8 |
           Zot |   6082 |   5611 |    471 |   1051 |   3062 |   5 | 1216.4 |
         Abyss |    737 |    737 |      0 |    270 |    237 |   1 |  737.0 |
        Bazaar |     60 |     60 |      0 |      0 |     51 |   1 |   60.0 |
         Sewer |    545 |    545 |      0 |    123 |    257 |   1 |  545.0 |
        Bailey |    334 |    334 |      0 |     44 |    182 |   1 |  334.0 |
        Wizlab |   1139 |   1139 |      0 |    498 |    246 |   1 | 1139.0 |
      Gauntlet |    793 |    793 |      0 |    288 |     89 |   1 |  793.0 |
               +--------+--------+--------+--------+--------+-----+--------+

Top non-repeatable levels by time:
Vaults:2: 2214 daAuts
Vaults:4: 1998 daAuts
Vaults:5: 1982 daAuts
 Crypt:3: 1878 daAuts
Vaults:1: 1854 daAuts
Depths:3: 1823 daAuts
   Zot:5: 1774 daAuts
Vaults:3: 1726 daAuts
    D:13: 1689 daAuts
   Zot:4: 1652 daAuts
Spider:3: 1555 daAuts
  Lair:2: 1518 daAuts
  Lair:5: 1483 daAuts
    D:11: 1482 daAuts
Depths:2: 1448 daAuts
